 Dungeon Crawl Stone Soup version 0.16-a0-113-gc8d9654 (webtiles) character file.

296339 superterranean the Wrestler (level 20, -21/198 HPs)
             Began as a Troll Monk on Aug 10, 2014.
             Was the Champion of Okawaru.
             Demolished by a ghoul simulacrum (26 damage)
             ... animated by a necromancer
             ... on Level 1 of the Vaults on Aug 11, 2014.
             The game lasted 04:43:15 (45301 turns).

superterranean the Wrestler (Troll Monk)           Turns: 45301, Time: 04:43:15

HP -21/198       AC 23     Str 24      XL: 20   Next:  7%
MP   0/27        EV 14     Int 10      God: Okawaru [******]
Gold 2972        SH  0     Dex 12      Spells:  6 memorised,  3 levels left

rFire  . . .     SeeInvis +       - Unarmed
rCold  . . .     Clarity  .     S - +1 pearl dragon armour
rNeg   + + +     rCorr    .     (shield restricted)
rPois  .         rRot     .     L - +2 hat of the Bear Spirit {Spirit, +Rage rN+ MR++}
rElec  +         Spirit   +     z - +0 cloak "Tiethiod" {rElec Slay+2 SInv}
SustAb .         Warding  +     (gloves unavailable)
rMut   .         Stasis   .     (boots unavailable)
Gourm  +                        a - amulet of warding
MR     +++..                    Q - ring of wizardry
                                U - ring of regeneration

@: heroism, extremely resistant to hostile enchantments, very unstealthy
A: unfitting armour, claws 3, hooves 1, dopey 1, fast metabolism 3, gourmand,
regeneration 2, saprovore 2, screaming 1, shaggy fur 1, spit poison 2, tough
skin 2
a: Spit Poison, Heroism, Finesse, Renounce Religion, Evoke Berserk Rage
}: 2/15 runes: decaying, serpentine


You were on level 1 of the Vaults.
You worshipped Okawaru.
Okawaru was exalted by your worship.
You were not hungry.

You visited 8 branches of the dungeon, and saw 42 of its levels.
You also visited: Bailey and Volcano.

You collected 5037 gold pieces.
You spent 2065 gold pieces at shops.

Inventory:

Hand weapons
 y - a +4 blowgun
Missiles
 A - 21 curare-tipped needles
 W - 29 large rocks (quivered)
Armour
 r - a +0 swamp dragon armour
 z - the +0 cloak "Tiethiod" (worn) {rElec Slay+2 SInv}
   (You bought it in a shop on level 4 of the Orcish Mines)

   It affects your accuracy and damage with ranged weapons and melee attacks
   (+2).
   It insulates you from electricity.
   It enhances your eyesight.
 L - the +2 hat of the Bear Spirit (worn) {Spirit, +Rage rN+ MR++}
   (You bought it in a shop on level 4 of the Orcish Mines)

   It protects you from negative energy.
   It affects your resistance to hostile enchantments.
   It lets you go berserk.
 S - a +1 pearl dragon armour (worn)
Magical devices
 t - a wand of heal wounds (4)
 C - a wand of invisibility (3)
 F - a wand of fireball (4)
 I - a wand of cold (13)
 J - a wand of draining (3)
 P - a wand of fire (5)
 Y - a wand of slowing (8)
 Z - a wand of disintegration (5)
Comestibles
 b - 14 meat rations
 f - 42 fruits
 l - 9 royal jellies
 E - a slice of pizza
 K - 7 bread rations
Scrolls
 g - 3 scrolls of magic mapping
 k - 7 scrolls of recharging
 o - 21 scrolls of identify
 p - 5 scrolls of fog
 q - 10 scrolls of teleportation
 s - 7 scrolls of remove curse
 B - a scroll of silence
 D - 4 scrolls of blinking
Jewellery
 a - an amulet of warding (around neck)
 c - the ring of Ephemeral Luck {rC+ rN+ MR+ AC-2 Int-5}
   (You found it on level 4 of the Orcish Mines)

   [ring of protection]

   It affects your AC (-2).
   It affects your intelligence (-5).
   It protects you from cold.
   It protects you from negative energy.
   It affects your resistance to hostile enchantments.
 i - an uncursed ring of protection from cold
 j - an uncursed ring of flight
 v - an uncursed amulet of stasis
 w - a +3 ring of evasion
 Q - a ring of wizardry (right claw)
 U - a ring of regeneration (left claw)
 X - an uncursed ring of sustain abilities
Potions
 d - 2 potions of magic
 n - 10 potions of haste
 x - 14 potions of curing
 G - 7 potions of agility
 H - a potion of porridge
 M - 3 potions of restore abilities
 N - 2 potions of might
 R - 6 potions of resistance
 T - a potion of heal wounds
 V - 2 potions of lignification
Miscellaneous
 e - a phial of floods
 m - a lamp of fire
Rods
 h - a +5 rod of inaccuracy (14/14)
   (You acquired it on level 1 of the Snake Pit)
 u - a +4 rod of inaccuracy (13/13)
   (You acquired it on level 4 of the Lair of Beasts)
 O - a +1 lightning rod (6/11)
   (You acquired it on level 1 of the Swamp)


   Skills:
 - Level 12.1(17.1) Fighting
 + Level 8.9(13.9) Armour
 - Level 10.1(15.1) Dodging
 - Level 1.1(6.1) Stealth
 - Level 22.0(27) Unarmed Combat
 - Level 6.0 Charms
 - Level 11.4 Translocations
 - Level 6.0 Invocations
 - Level 9.0 Evocations


You had 3 spell levels left.
You knew the following spells:

 Your Spells              Type           Power        Failure   Level  Hunger
a - Blink                 Tloc           N/A          1%          2    ###....
b - Apportation           Tloc           ###.......   1%          1    ##.....
c - Phase Shift           Tloc           ###.......   7%          5    ######.
d - Portal Projectile     Tloc           ###...       1%          3    ####...
e - Repel Missiles        Chrm/Air       #.....       10%         2    ###....
f - Regeneration          Chrm/Necr      #.........   21%         3    ####...


Dungeon Overview and Level Annotations

Branches:
Dungeon (15/15)            Temple (1/1) D:6             Orc (4/4) D:9
    Elf (3/3) Orc:4          Lair (8/8) D:10          Swamp (5/5) Lair:4
  Snake (5/5) Lair:6        Slime (0/6) Lair:6       Vaults (1/5) D:13
 Depths (0/5) D:15

Altars:
Ashenzari
Cheibriados
Dithmenos
Elyvilon
Fedhas
Gozag
Kikubaaqudgha
Makhleb
Nemelex Xobeh
Okawaru
Qazlal
Sif Muna
Trog
Vehumet
Xom
Yredelemnul
Zin
The Shining One

Shops:
D:15 ?   Orc:1 !   Orc:2 ?   Orc:4 ([![   Snake:1 *

Portals:
Trove: D:11 (give +4 demon blade)

Annotations:
Elf:3 3 exclusions
Vaults:1 exclusion: door


Innate Abilities, Weirdness & Mutations

You are too large for most types of armour.
You have claws for hands.
Your metabolism is lightning-fast.
You like to eat raw meat.
You heal very quickly.
You can eat rotten meat.
You are covered in fur (AC +1).
You have very tough skin (AC +2).
You have large cloven feet.
You are dopey. (Int -2)
You occasionally shout uncontrollably at your foes.
You can spit moderately strong poison.


Message History

* * * LOW HITPOINT WARNING * * *
The ghoul simulacrum freezes you!
* * * LOW HITPOINT WARNING * * *
The ghoul simulacrum misses you.
You claw the ghoul simulacrum!
You kick the ghoul simulacrum, but do no damage.
The human simulacrum barely misses you. The ghoul skeleton barely misses you.
The ghoul skeleton claws you.
* * * LOW HITPOINT WARNING * * *
You completely miss the ghoul simulacrum.
Your kick misses the ghoul simulacrum.
The necrophage skeleton closely misses you.
The ghoul simulacrum hits you.
* * * LOW HITPOINT WARNING * * *
The ghoul simulacrum freezes you!
* * * LOW HITPOINT WARNING * * *
The ghoul simulacrum claws you!
* * * LOW HITPOINT WARNING * * *
The ghoul simulacrum freezes you!!
You die...

#.....#.......#
#.....#.......#
#.....#.......#
#.....#########
#..[..############
#...(.............
#.....(...........
#Z)...............
#@Z...............
#.nCpZZ................
#..Zp#########'########
#...p #........#
########........#
###########......#........#
..........)).....#........#
..........#(.....#........#
..........#......#........#


You could see a cyclops, an ironbrand convoker, a necromancer, a human, a
necrophage, a human simulacrum, a ghoul simulacrum, a human skeleton, a
necrophage skeleton and a ghoul skeleton.

Vanquished Creatures
  A bone dragon (Vaults:1)
  2 deep elf blademasters (Elf:3)
  2 deep elf master archers (Elf:3)
  Rupert (D:15)
  A thorn hunter (Swamp:2)
  Frances (Elf:1)
  10 greater nagas (Snake:5)
  3 vault wardens (Vaults:1)
  Donald (Elf:2)
  Wiglaf (Snake:4)
  The ghost of wheals the Black Belt, a powerful DrTm of Nemelex Xobeh (Orc:4)
  4 deep elf sorcerers
  Aizul (Swamp:2)
  Louise (D:14)
  2 orc warlords (Orc:4)
  2 ghouls (Vaults:1)
  A balrug (Elf:3)
  5 deep elf demonologists
  A stone giant (Vaults:1)
  12 deep elf annihilators
  Azrael (Elf:1)
  Snorg (Lair:7)
  A fire dragon (Vaults:1)
  6 deep elf death magi
  A deep elf high priest (Elf:3)
  Josephine (D:13)
  A yaktaur captain (Vaults:1)
  20 hydras
  2 ironheart preservers (Vaults:1)
  Fannar (D:14)
  13 naga warriors
  23 anacondas
  2 rakshasas (D:15)
  Erica (Lair:8)
  10 alligators
  4 ogre magi (Vaults:1)
  A shambling mangrove (Swamp:4)
  2 centaur warriors
  4 death yaks (Lair:7)
  6 shock serpents
  A tengu warrior (D:14)
  3 orc high priests (Orc:4)
  A sun demon (Elf:3)
  13 naga sharpshooters
  A catoblepas (Lair:5)
  The ghost of avis the Cruncher, an experienced DDNe of Makhleb (D:11)
  Nergalle (D:14)
  4 salamander mystics
  4 wizards (Vaults:1)
  An orb spider (shapeshifter) (Vaults:1)
  19 deep elf knights
  2 sea snakes (Vaults:1)
  2 spriggan druids
  11 orc knights
  An unseen horror (D:14)
  A flayed ghost (Vaults:1)
  A giant orange brain (shapeshifter) (D:15)
  Pikel (D:5)
  14 deep elf summoners
  4 hill giants
  5 ironbrand convokers (Vaults:1)
  13 swamp dragons
  5 naga ritualists
  2 wolf spiders (Vaults:1)
  A manticore (D:9)
  6 griffons
  A spectral ettin (Vaults:1)
  17 ugly things
  2 necromancers (Vaults:1)
  7 orc sorcerers
  15 deep elf conjurers
  A human zombie (Vaults:1)
  A red wasp (Vaults:1)
  6 mana vipers
  A sphinx skeleton (Vaults:1)
  A salamander (shapeshifter) (Elf:2)
  14 salamanders
  A molten gargoyle (D:9)
  18 spiny frogs
  7 cyclopes
  5 vault sentinels (Vaults:1)
  2 centaur skeletons
  16 naga magi
  4 gargoyles
  15 guardian serpents
  37 black mambas
  Psyche (D:13)
  5 yaktaurs (Vaults:1)
  A smoke demon (Orc:4)
  An efreet (D:14)
  A spectral ogre (Vaults:1)
  4 fire drakes
  7 trolls
  3 tengu conjurers
  An elf (shapeshifter) (D:15)
  A blue devil (Orc:4)
  2 small abominations (Vaults:1)
  7 deep elf priests
  2 komodo dragons (Lair:3)
  6 polar bears
  Sonja (D:13)
  A jumping spider (Elf:3)
  A queen bee (Lair:3)
  8 giant leeches
  Prince Ribbit (Lair:2)
  12 baby alligators
  A fire giant simulacrum (Vaults:1)
  A troll (shapeshifter) (D:15)
  A boulder beetle (Vaults:1)
  5 bog bodies
  40 deep elf magi
  11 ravens
  21 slime creatures
  19 blink frogs
  3 tarantellas (Elf:1)
  2 trapdoor spiders (Vaults:1)
  2 basilisks
  38 yaks
  8 spriggans
  2 vampires
  A redback (shapeshifter) (D:15)
  7 redbacks
  5 shadows
  3 wraiths
  9 hogs (Lair:8)
  3 wyverns
  4 fire elementals (Elf:1)
  11 hippogriffs
  A hungry ghost (D:15)
  29 deep elf fighters
  12 wargs
  16 vampire mosquitoes
  21 wolves
  3 humans (Vaults:1)
  58 nagas
  Edmund (D:8)
  10 porcupines
  27 swamp worms
  32 water moccasins
  A spectral elf (Vaults:1)
  A mottled dragon (D:14)
  6 hell hounds
  2 slaves (D:5)
  A catoblepas simulacrum (Vaults:1)
  An ice dragon simulacrum (Vaults:1)
  3 yellow wasps
  8 ice beasts
  7 black bears
  47 orc warriors
  4 sky beasts
  10 boggarts
  11 swamp drakes
  4 necrophages
  15 crocodiles
  3 phantoms
  19 ogres
  14 centaurs
  2 big kobolds
  A yaktaur zombie (D:13)
  31 insubstantial wisps
  A brain worm (D:11)
  20 giant frogs
  A wyvern skeleton (D:13)
  8 scorpions
  A cyclops skeleton (D:15)
  An eye of draining (D:13)
  A tengu zombie (D:13)
  2 troll zombies
  19 killer bees (Lair:3)
  4 wights (D:6)
  5 crimson imps
  A manticore simulacrum (D:13)
  2 electric eels (Lair:3)
  A yak skeleton (D:8)
  A giant frog zombie (D:5)
  3 goliath beetles
  21 hounds
  12 jellies
  A quasit (D:7)
  A lava snake (D:9)
  27 orc priests
  9 iguanas
  2 giant frog skeletons
  46 orc wizards
  10 worker ants
  An orange rat (Elf:3)
  29 sheep
  A sky beast zombie (D:12)
  2 mottled dragon skeletons
  A mummy (D:11)
  20 adders
  3 orc zombies
  A giant mite (D:5)
  61 green rats
  3 orc skeletons
  3 worms
  An adder skeleton (D:7)
  6 oozes
  222 orcs
  5 giant cockroaches
  11 hobgoblins
  18 jackals
  6 quokkas
  2 ball pythons (Snake:1)
  A ball python skeleton (D:5)
  16 bats
  2 giant geckos
  8 giant newts
  2 giant spores
  22 goblins
  18 kobolds
  A kobold skeleton (D:5)
  12 rats
  2 rat skeletons
  2 ballistomycetes
  A butterfly (Lair:5)
  2 fungi (Lair:8)
  4 plants
1796 creatures vanquished.

Vanquished Creatures (collateral kills)
  A deep elf knight (Elf:1)
  A deep elf summoner (Elf:1)
  A deep elf mage (Elf:1)
3 creatures vanquished.

Vanquished Creatures (others)
  A guardian serpent (Snake:5)
  3 yaks (D:9)
  2 nagas
  2 deep elf fighters (Elf:1)
  3 lost souls
  2 orange rats
  An orc (Orc:4)
  A butterfly (Swamp:4)
  3 plants (Lair:8)
18 creatures vanquished.

Grand Total: 1817 creatures vanquished

Notes
Turn   | Place    | Note
--------------------------------------------------------------
     0 | D:1      | superterranean, the Troll Monk, began the quest for the Orb.
     0 | D:1      | Reached XP level 1. HP: 22/22 MP: 1/1
   293 | D:1      | Reached XP level 2. HP: 29/29 MP: 1/1
  1266 | D:2      | Reached skill level 5 in Unarmed Combat
  1266 | D:2      | Reached XP level 3. HP: 33/36 MP: 2/2
  1679 | D:3      | Reached XP level 4. HP: 44/44 MP: 2/2
  1800 | D:3      | Reached skill level 6 in Unarmed Combat
  2042 | D:3      | Reached XP level 5. HP: 47/50 MP: 2/2
  2148 | D:4      | Noticed an ogre
  2189 | D:4      | Killed an ogre
  2189 | D:4      | Reached skill level 7 in Unarmed Combat
  2209 | D:4      | Reached XP level 6. HP: 20/59 MP: 3/3
  2644 | D:4      | Noticed an ogre
  2653 | D:4      | Killed an ogre
  2653 | D:4      | Reached skill level 8 in Unarmed Combat
  2680 | D:4      | Reached XP level 7. HP: 27/66 MP: 3/3
  2869 | D:4      | ?
  3189 | D:5      | Entered Level 5 of the Dungeon
  3342 | D:5      | Reached skill level 9 in Unarmed Combat
  3374 | D:5      | Gained mutation: You occasionally shout uncontrollably at your foes. [potion of mutation]
  3374 | D:5      | Gained mutation: You are frail (-10% HP). [potion of mutation]
  3374 | D:5      | Gained mutation: Your flesh is heat resistant. [potion of mutation]
  3407 | D:5      | balls!
  3407 | D:5      | Gained mutation: Your muscles are strong. (Str +2) [potion of mutation]
  3407 | D:5      | Gained mutation: You have a pair of small horns on your head. [potion of mutation]
  3407 | D:5      | Gained mutation: Your vision is a little blurry. [potion of mutation]
  3689 | D:5      | Noticed Pikel
  3828 | D:5      | Killed Pikel
  3828 | D:5      | Reached XP level 8. HP: 48/66 MP: 3/3
  4437 | D:6      | Found a staircase to the Ecumenical Temple.
  4460 | Temple   | Entered the Ecumenical Temple
  4511 | Temple   | Became a worshipper of Warmaster Okawaru
  4511 | Temple   | Acquired Okawaru's first power
  4802 | D:6      | Reached XP level 9. HP: 69/72 MP: 4/4
  6059 | D:8      | Noticed Edmund
  6064 | D:8      | Killed Edmund
  6296 | D:8      | Reached skill level 10 in Dodging
  6676 | D:8      | Learned a level 2 spell: Blink
  6678 | D:8      | Learned a level 1 spell: Apportation
  6768 | D:9      | that was...lucky?
  6810 | D:9      | Found a flagged portal.
  6824 | Bailey   | Entered a bailey
  7041 | Bailey   | Noticed an orc knight
  7041 | Bailey   | Noticed an orc knight
  7053 | Bailey   | Lost mutation: You have a pair of small horns on your head. [potion of cure mutation]
  7053 | Bailey   | Lost mutation: Your flesh is heat resistant. [potion of cure mutation]
  7053 | Bailey   | Lost mutation: You are frail (-10% HP). [potion of cure mutation]
  7053 | Bailey   | Lost mutation: You occasionally shout uncontrollably at your foes. [potion of cure mutation]
  7053 | Bailey   | Lost mutation: Your vision is a little blurry. [potion of cure mutation]
  7054 | Bailey   | ay
  7087 | Bailey   | Reached XP level 10. HP: 61/91 MP: 2/4
  7112 | Bailey   | Got a dazzling steam dragon armour
  7124 | Bailey   | Identified the +4 steam dragon armour "Wuamut" {Contam +Blink +Inv rF++ MR+} (You found it in a bailey)
  7127 | Bailey   | *flips bird at orcs
  7346 | Bailey   | seeya later alligators
  7564 | D:9      | Reached skill level 5 in Fighting
  7730 | D:9      | Found a staircase to the Orcish Mines.
  7839 | D:9      | Noticed a manticore
  7850 | D:9      | Killed a manticore
  7850 | D:9      | Reached skill level 10 in Unarmed Combat
  8430 | D:9      | Noticed a molten gargoyle
  8439 | D:9      | Killed a molten gargoyle
  8539 | D:10     | Entered Level 10 of the Dungeon
  8550 | D:10     | Found a staircase to the Lair.
  8638 | D:10     | Reached skill level 11 in Unarmed Combat
  9357 | D:11     | Noticed avis' ghost (experienced DDNe)
  9369 | D:11     | Killed avis' ghost
  9369 | D:11     | Acquired Okawaru's second power
  9369 | D:11     | Reached skill level 12 in Unarmed Combat
  9369 | D:11     | Reached XP level 11. HP: 57/102 MP: 2/4
  9483 | D:11     | Noticed a hill giant
  9491 | D:11     | Killed a hill giant
  9711 | D:11     | Received a gift from Okawaru
  9746 | D:11     | Noticed a brown ugly thing
  9760 | D:11     | Killed a brown ugly thing
  9858 | D:11     | Found a portal to a secret trove of treasure.
 10218 | D:11     | Noticed a red ugly thing
 10230 | D:11     | Killed a red ugly thing
 10230 | D:11     | Reached skill level 13 in Unarmed Combat
 10598 | Orc:1    | Entered Level 1 of the Orcish Mines
 10782 | Orc:2    | Found a dark tunnel.
 10811 | Volcano  | Entered a volcano
 10858 | Volcano  | Noticed a salamander mystic
 10871 | Volcano  | HP: 3/102 [salamander mystic/orb of energy (10)]
 10876 | Volcano  | Killed a salamander mystic
 11033 | Volcano  | Reached skill level 14 in Unarmed Combat
 11122 | Volcano  | Received a gift from Okawaru
 11371 | Orc:1    | Found Geikidufrau's Distillery.
 11508 | Orc:1    | Bought a potion of heal wounds for 30 gold pieces
 11845 | Orc:2    | Reached XP level 12. HP: 81/111 MP: 2/5
 11846 | Orc:2    | Found Shriju's Magic Scroll Boutique.
 11886 | Orc:2    | Bought a scroll of teleportation for 45 gold pieces
 11886 | Orc:2    | Bought a scroll of fog for 30 gold pieces
 12046 | Orc:2    | Reached skill level 15 in Unarmed Combat
 12860 | Orc:2    | Found a bloodstained altar of Trog.
 12985 | Lair:1   | Entered Level 1 of the Lair of Beasts
 12986 | Lair:1   | Noticed a four-headed hydra
 13013 | Lair:1   | Killed an eight-headed hydra
 13023 | Lair:1   | Received a gift from Okawaru
 13212 | Lair:1   | Reached skill level 16 in Unarmed Combat
 13901 | Lair:2   | Reached skill level 1 in Invocations
 13980 | Lair:2   | Learned a level 5 spell: Phase Shift
 14120 | Lair:2   | Noticed Prince Ribbit
 14133 | Lair:2   | Killed Prince Ribbit
 14182 | Lair:2   | Learned a level 3 spell: Portal Projectile
 15118 | Lair:3   | Reached skill level 5 in Invocations
 15205 | Lair:3   | Reached XP level 13. HP: 115/118 MP: 15/16
 15401 | Lair:3   | Reached skill level 1 in Evocations
 15483 | Lair:3   | Received a gift from Okawaru
 15988 | Lair:3   | Noticed a six-headed hydra
 16001 | Lair:3   | Killed a ten-headed hydra
 16345 | Lair:4   | Found a staircase to the Swamp.
 16705 | Lair:4   | Reached skill level 5 in Evocations
 17236 | Lair:4   | Identified a scroll of acquirement
 17238 | Lair:4   | Identified a +2 rod of inaccuracy (11/11) (You acquired it on level 4 of the Lair of Beasts)
 17344 | Lair:5   | Received a gift from Okawaru
 18300 | Lair:6   | Found a staircase to the Slime Pits.
 18660 | Lair:6   | Received a gift from Okawaru
 18705 | Lair:6   | Found a staircase to the Snake Pit.
 19552 | Lair:7   | Noticed Snorg
 19568 | Lair:7   | Killed Snorg
 20038 | Lair:7   | Reached XP level 14. HP: 110/127 MP: 22/22
 20496 | Lair:8   | Entered Level 8 of the Lair of Beasts
 20928 | Lair:8   | Noticed Erica
 20940 | Lair:8   | Killed Erica
 21126 | Lair:8   | Received a gift from Okawaru
 22015 | Orc:4    | Entered Level 4 of the Orcish Mines
 22015 | Orc:4    | Found a staircase to the Elven Halls.
 22016 | Orc:4    | Noticed wheals' ghost (powerful DrTm)
 22048 | Orc:4    | Killed wheals' ghost
 22601 | Orc:4    | Found Prinur's Distillery.
 22604 | Orc:4    | Found Vuezoeb's Antique Weapon Emporium.
 22844 | Orc:4    | Found Arecit's Armour Boutique.
 22877 | Orc:4    | Found Pliafacu's Armour Emporium.
 22886 | Orc:4    | Bought the +0 cloak "Tiethiod" {rElec Slay+2 SInv} for 404 gold pieces
 22886 | Orc:4    | Bought the +2 hat of the Bear Spirit {Spirit, +Rage rN+ MR++} for 482 gold pieces
 22923 | Orc:4    | there's a demon blade there if I can't find one *anywhere* else
 22925 | Orc:4    | Bought a potion of haste for 70 gold pieces
 22925 | Orc:4    | Bought a potion of curing for 20 gold pieces
 22925 | Orc:4    | Bought a potion of agility for 25 gold pieces
 22925 | Orc:4    | Bought a potion of heal wounds for 30 gold pieces
 22925 | Orc:4    | Bought a potion of resistance for 70 gold pieces
 22925 | Orc:4    | Bought a potion of haste for 70 gold pieces
 23021 | Orc:4    | Noticed an orc warlord
 23032 | Orc:4    | Killed an orc warlord
 23049 | Orc:4    | Reached skill level 10 in Fighting
 23077 | Orc:4    | Noticed an orc warlord
 23145 | Orc:4    | Killed an orc warlord
 23145 | Orc:4    | Received a gift from Okawaru
 23311 | Orc:4    | Got a vibrating brass ring
 23313 | Orc:4    | Identified the cursed ring of Ephemeral Luck {rC+ rN+ MR+ AC-2 Int-5} (You found it on level 4 of the Orcish Mines)
 23960 | D:12     | Reached XP level 15. HP: 121/153 MP: 17/23
 24713 | D:13     | Noticed Sonja
 24734 | D:13     | Killed Sonja
 24860 | D:13     | Found a gate to the Vaults.
 24860 | D:13     | Noticed Psyche
 24861 | D:13     | ohfer
 24864 | D:13     | Killed Psyche
 24951 | D:13     | Noticed Josephine
 24965 | D:13     | Killed Josephine
 25324 | D:13     | Received a gift from Okawaru
 25333 | D:13     | Got a twisted triple crossbow {god gift}
 25334 | D:13     | Identified the +1 triple crossbow of Breach {penet, rC- Int+4} (Okawaru gifted it to you on level 13 of the Dungeon)
 25391 | D:14     | Found a shadowy altar of Dithmenos.
 25482 | D:14     | Noticed Louise
 25491 | D:14     | Killed Louise
 25583 | D:14     | Noticed Nergalle
 25592 | D:14     | Killed Nergalle
 25760 | D:14     | Noticed Fannar
 25768 | D:14     | Killed Fannar
 25913 | D:14     | Found a stormy altar of Qazlal.
 26213 | D:15     | Entered Level 15 of the Dungeon
 26250 | D:15     | Reached skill level 17 in Unarmed Combat
 26622 | D:15     | Noticed Rupert
 26757 | D:15     | Killed Rupert
 26757 | D:15     | Received a gift from Okawaru
 26916 | D:15     | Gained mutation: You are partially covered in icy blue scales (AC +1). [mutagenic meat]
 26917 | D:15     | Gained mutation: You are agile. (Dex +2) [mutagenic meat]
 26918 | D:15     | Lost mutation: You are agile. (Dex +2) [mutagenic meat]
 27027 | D:15     | Found a staircase to the Depths.
 27045 | D:15     | Gained mutation: Space occasionally distorts in your vicinity. [mutagenic meat]
 27046 | D:15     | Gained mutation: You occasionally shout uncontrollably at your foes. [mutagenic meat]
 27258 | D:15     | Found Uneeschah's Magic Scroll Boutique.
 27264 | D:15     | Bought a scroll of fog for 32 gold pieces
 27608 | Elf:1    | Entered Level 1 of the Elven Halls
 27609 | Elf:1    | WHAT IS THIS ELF ENTRANCE\
 27711 | Elf:1    | were you kissing in here?
 27715 | Elf:1    | Reached skill level 18 in Unarmed Combat
 27801 | Elf:1    | Noticed Azrael
 27814 | Elf:1    | Killed Azrael
 28237 | Elf:1    | Reached XP level 16. HP: 63/165 MP: 14/24
 28406 | Elf:1    | Noticed Frances
 28426 | Elf:1    | Killed Frances
 28426 | Elf:1    | Received a gift from Okawaru
 28820 | Elf:2    | Reached skill level 19 in Unarmed Combat
 29195 | Elf:2    | Received a gift from Okawaru
 29519 | Elf:2    | Noticed Donald
 29533 | Elf:2    | Killed Donald
 29857 | Elf:3    | Entered Level 3 of the Elven Halls
 30073 | Elf:3    | Received a gift from Okawaru
 30468 | Elf:3    | Reached skill level 20 in Unarmed Combat
 30677 | Elf:3    | Noticed a deep elf blademaster
 30714 | Elf:3    | Killed a deep elf blademaster
 30779 | Elf:3    | Received a gift from Okawaru
 30844 | Elf:3    | Noticed a deep elf master archer
 30862 | Elf:3    | Killed a deep elf master archer
 31274 | Elf:3    | Noticed a Brimstone Fiend
 31515 | Elf:3    | Reached skill level 21 in Unarmed Combat
 31549 | Elf:3    | Reached XP level 17. HP: 167/172 MP: 25/25
 31653 | Elf:3    | Received a gift from Okawaru
 31694 | Elf:3    | Learned a level 2 spell: Repel Missiles
 31699 | Elf:3    | Noticed a deep elf master archer
 31726 | Elf:3    | Killed a deep elf master archer
 31830 | Elf:3    | Noticed a deep elf blademaster
 31857 | Elf:3    | Killed a deep elf blademaster
 32055 | Elf:3    | Got an ancient copper amulet
 32389 | Orc:1    | Bought a potion of cure mutation for 350 gold pieces
 32389 | Orc:1    | Bought a potion of haste for 70 gold pieces
 32389 | Orc:1    | Bought a potion of curing for 20 gold pieces
 32389 | Orc:1    | Bought a potion of curing for 20 gold pieces
 32389 | Orc:1    | Bought 2 potions of curing for 40 gold pieces
 32389 | Orc:1    | Bought a potion of haste for 70 gold pieces
 32595 | Snake:1  | Entered Level 1 of the Snake Pit
 32924 | Swamp:1  | Entered Level 1 of the Swamp
 33222 | Swamp:1  | Lost mutation: Space occasionally distorts in your vicinity. [potion of cure mutation]
 33222 | Swamp:1  | Lost mutation: You are partially covered in icy blue scales (AC +1). [potion of cure mutation]
 33222 | Swamp:1  | Lost mutation: You occasionally shout uncontrollably at your foes. [potion of cure mutation]
 33222 | Swamp:1  | Lost mutation: Your muscles are strong. (Str +2) [potion of cure mutation]
 33224 | Swamp:1  | Identified the amulet of Priahod {Gourm rC- Str-2 Slay+4} (You took it off a deep elf annihilator on level 3 of the Elven Halls)
 33691 | Swamp:1  | Reached skill level 22 in Unarmed Combat
 33800 | Swamp:1  | Reached skill level 1 in Armour
 34668 | Swamp:2  | Noticed Aizul
 34676 | Swamp:2  | Killed Aizul
 34676 | Swamp:2  | Received a gift from Okawaru
 35089 | Swamp:3  | Reached skill level 5 in Armour
 36889 | Swamp:5  | Entered Level 5 of the Swamp
 37055 | Swamp:5  | Reached XP level 18. HP: 167/182 MP: 23/26
 37433 | Swamp:5  | Received a gift from Okawaru
 37434 | Swamp:5  | Got a brightly glowing lajatang {god gift}
 37580 | Swamp:5  | Got a decaying rune of Zot
 37893 | Snake:1  | Reached skill level 1 in Translocations
 37944 | Snake:1  | Found Ugrasel Hoto's General Store.
 37961 | Snake:1  | Bought a scroll of recharging for 142 gold pieces
 37961 | Snake:1  | Bought a potion of heal wounds for 45 gold pieces
 38004 | Snake:1  | Found a snail-covered altar of Cheibriados.
 39169 | Snake:3  | Received a gift from Okawaru
 39614 | Snake:3  | Reached skill level 5 in Translocations
 40193 | Snake:4  | Noticed Wiglaf
 40206 | Snake:4  | Killed Wiglaf
 40909 | Snake:5  | Entered Level 5 of the Snake Pit
 41013 | Snake:5  | Gained mutation: You can spit poison. [mutagenic meat]
 41014 | Snake:5  | Gained mutation: You are agile. (Dex +2) [mutagenic meat]
 41134 | Snake:5  | Received a gift from Okawaru
 42154 | Snake:5  | Reached XP level 19. HP: 152/189 MP: 19/26
 42253 | Snake:5  | Received a gift from Okawaru
 42553 | Snake:5  | Reached skill level 10 in Translocations
 42618 | Snake:5  | Gained mutation: You have large cloven feet. [mutagenic meat]
 42619 | Snake:5  | Gained mutation: You are dopey. (Int -2) [mutagenic meat]
 42620 | Snake:5  | Gained mutation: You occasionally shout uncontrollably at your foes. [mutagenic meat]
 42621 | Snake:5  | Gained mutation: You can spit moderately strong poison. [mutagenic meat]
 43053 | Snake:5  | Received a gift from Okawaru
 43165 | Snake:5  | Got a serpentine rune of Zot
 43382 | Snake:1  | Identified a +5 rod of inaccuracy (14/14) (You acquired it on level 1 of the Snake Pit)
 43677 | Vaults:1 | Entered Level 1 of the Vaults
 43857 | Vaults:1 | Noticed a bone dragon
 43872 | Vaults:1 | Killed a bone dragon
 43930 | Vaults:1 | Identified Kikubaaqudgha's Papyrus of Sinister Arts (You found it on level 1 of the Vaults)
 43932 | Vaults:1 | yissss
 43936 | Vaults:1 | Learned a level 3 spell: Regeneration
 44125 | Vaults:1 | Reached skill level 1 in Charms
 44783 | Vaults:1 | Reached skill level 5 in Charms
 44807 | Vaults:1 | Lost mutation: You are agile. (Dex +2) [mutagenic meat]
 44955 | Vaults:1 | Found a white marble altar of Elyvilon.
 45230 | Vaults:1 | Received a gift from Okawaru
 45246 | Vaults:1 | Reached XP level 20. HP: 176/198 MP: 24/27
 45301 | Vaults:1 | HP: 5/198 [ghoul simulacrum[a necromancer] (14)]
 45301 | Vaults:1 | Demolished by a ghoul simulacrum

Action                   |  1- 3 |  4- 6 |  7- 9 | 10-12 | 13-15 | 16-18 | 19-21 || total
-------------------------+-------+-------+-------+-------+-------+-------+-------++-------
Melee: Unarmed           |    97 |    94 |   471 |   987 |  1708 |  1549 |   634 ||  5540
       Rod               |       |       |       |       |       |     5 |       ||     5
 Fire: Blowgun           |       |       |       |       |       |       |     2 ||     2
Throw: Javelin           |       |       |       |     1 |       |       |       ||     1
       Large rock        |       |       |       |       |     7 |     5 |     4 ||    16
 Cast: Repel Missiles    |       |       |       |       |       |     2 |     3 ||     5
       Phase Shift       |       |       |       |       |       |       |     4 ||     4
       Apportation       |       |       |       |       |       |       |     2 ||     2
Invok: Heroism           |       |       |     2 |     5 |    13 |    15 |     3 ||    38
       Finesse           |       |       |       |       |     1 |       |       ||     1
 Abil: Evoke Flight      |       |       |     1 |     2 |       |       |       ||     3
       Evoke Invisibilit |       |       |       |     3 |     7 |       |       ||    10
       Evoke Blink       |       |       |       |       |     1 |       |       ||     1
       Spit Poison       |       |       |       |       |       |       |     1 ||     1
Evoke: Wand              |       |       |     2 |     6 |     6 |     4 |     3 ||    21
       Rod               |       |       |       |       |    10 |    36 |     4 ||    50
       Phial of floods   |       |       |       |       |     1 |       |       ||     1
  Use: Potion            |       |       |     4 |     2 |     2 |     9 |     1 ||    18
       Scroll            |       |       |     8 |     9 |    14 |    18 |     3 ||    52
 Stab: Sleeping          |     1 |       |       |     3 |    14 |       |       ||    18
       Confused          |       |       |     1 |       |       |       |       ||     1
       Invisible         |       |       |       |     2 |    18 |     2 |       ||    22
       Distracted        |       |       |       |       |     2 |     1 |     3 ||     6
  Eat: Chunk             |     9 |    11 |    38 |    44 |    99 |    95 |    30 ||   326
       Bread ration      |     1 |       |       |     6 |     3 |     6 |       ||    16
       Beef jerky        |       |       |     1 |       |     1 |     6 |       ||     8
       Fruit             |       |       |       |     2 |       |       |       ||     2
       Pizza             |       |       |       |     1 |     2 |       |       ||     3
       Royal jelly       |       |       |       |       |     7 |     2 |     4 ||    13
